EL
ARKANSAS TRAVELERS @ BOWIE BAYSOX
08/13/2047
 
TOP OF THE 1ST
Arkansas Travelers batting - Pitching for Bowie Baysox : RHP Nick Hoag
Pitching: RHP Nick Hoag
Batting: LHB Justin Alexander 0-0: Called Strike
0-1: Swinging Strike
0-2: Ball
1-2: Strikes out swinging
Batting: LHB Jonathon Walton 0-0: Ball
1-0: Ball
2-0: SINGLE (Line Drive, 4D, EV 98.8 MPH)
Batting: LHB James McCauley 0-0: Ball
1-0: Fly out, F7 (Flyball, 7S, EV 86.2 MPH)
Batting: LHB Griffin Ferris Pickoff Play to 1st, Runner tries for 2nd, SAFE after rundown.
0-0: Swinging Strike
0-1: Ball
1-1: Foul Ball, location: 2F
1-2: Strikes out swinging
Top of the 1st over - 0 runs, 1 hit, 0 errors, 1 left on base; Arkansas 0 - Bowie 0
BOTTOM OF THE 1ST
Bowie Baysox batting - Pitching for Arkansas Travelers : RHP Andrew Tipton
Pitching: RHP Andrew Tipton
Batting: LHB Tsutomu Miyahara 0-0: Ball
1-0: SINGLE (Groundball, 34D, EV 111.9 MPH) (infield hit)
Batting: RHB Ken Jenkins 0-0: Ball
1-0: SINGLE (Flyball, 56D, EV 86.9 MPH)
Tsutomu Miyahara to second
Batting: LHB Raul Rojas 0-0: Called Strike
0-1: Fielders Choice at 2nd, 5-4 (Groundball, 15, EV 90.6 MPH)
Tsutomu Miyahara to third
Batting: RHB Muneer Maudad 0-0: Called Strike
0-1: Ball
1-1: Fly out, F8 (Flyball, 8LXD, EV 101.2 MPH)
Runner from 3rd tags up, SCORES, no throw by CF
Batting: LHB Jose Chinchilla 0-0: Ground out 4-3 (Groundball, 34S, EV 80.6 MPH)
Bottom of the 1st over - 1 run, 2 hits, 0 errors, 1 left on base; Arkansas 0 - Bowie 1
TOP OF THE 2ND
Arkansas Travelers batting - Pitching for Bowie Baysox : RHP Nick Hoag
Batting: RHB Ryuji Ito 0-0: Ball
1-0: Called Strike
1-1: Foul Ball, location: 2F
1-2: Ball
2-2: Reached on error, E3 (Groundball, 34, EV 91.2 MPH)
Batting: RHB Tim Lively 0-0: Ball
1-0: Called Strike
1-1: Grounds into double play, 4-6-3 (Groundball, 4, EV 84.4 MPH)
Batting: LHB Jorge Zermeno 0-0: Ground out 4-3 (Groundball, 34, EV 103.8 MPH)
Top of the 2nd over - 0 runs, 0 hits, 1 error, 0 left on base; Arkansas 0 - Bowie 1
BOTTOM OF THE 2ND
Bowie Baysox batting - Pitching for Arkansas Travelers : RHP Andrew Tipton
Batting: RHB Kory Sanchez 0-0: Swinging Strike
0-1: Fly out, F8 (Flyball, 8RD, EV 93.1 MPH)
Batting: RHB Edwin Ramos 0-0: Ball
1-0: Foul Ball, location: 2F
1-1: Ground out 5-3 (Groundball, 56S, EV 90.0 MPH)
Batting: LHB Matt Patnaude 0-0: Called Strike
0-1: Ball
1-1: Ball
2-1: Called Strike
2-2: Ground out 2-3 (Groundball, 15S, EV 70.0 MPH)
Bottom of the 2nd over - 0 runs, 0 hits, 0 errors, 0 left on base; Arkansas 0 - Bowie 1
TOP OF THE 3RD
Arkansas Travelers batting - Pitching for Bowie Baysox : RHP Nick Hoag
Batting: RHB Gary Horgan 0-0: Called Strike
0-1: Swinging Strike
0-2: Ground out 4-3 (Groundball, 4, EV 84.4 MPH)
Batting: RHB Jose Ramirez 0-0: Ball
1-0: Ball
2-0: Fly out, F9 (Flyball, 89M, EV 73.8 MPH)
Batting: LHB Justin Alexander 0-0: Ball
1-0: Ball
2-0: Called Strike
2-1: SINGLE (Line Drive, 8LS, EV 105.0 MPH)
Batting: LHB Jonathon Walton 0-0: Ball
1-0: Called Strike
1-1: Foul Ball, location: 2F
1-2: Foul Ball, location: 2F
1-2: Ball
2-2: DOUBLE (Flyball, 5D, EV 102.5 MPH)
Justin Alexander to third
Runner from 3rd tries for Home, SAFE, throw by LF to trailing runner, OUT at third! 7-3-5
Top of the 3rd over - 1 run, 2 hits, 0 errors, 0 left on base; Arkansas 1 - Bowie 1
BOTTOM OF THE 3RD
Bowie Baysox batting - Pitching for Arkansas Travelers : RHP Andrew Tipton
Batting: RHB Travis Carter 0-0: Called Strike
0-1: Swinging Strike
0-2: SINGLE (Groundball, 56D, EV 103.8 MPH) (infield hit)
Batting: LHB Tsutomu Miyahara 0-0: Ball
1-0: Fly out, F1 (Line Drive, P, EV 70.0 MPH)
Batting: RHB Ken Jenkins 0-0: Ball
1-0: Ball
2-0: Fielders Choice at 2nd, 5-4 (Groundball, 56, EV 87.5 MPH)
Batting: LHB Raul Rojas 0-0: Ball
1-0: DOUBLE (Flyball, 89XD, EV 111.2 MPH)
Ken Jenkins to third
Runner from 3rd tries for Home, SAFE, no throw by CF
Batting: RHB Muneer Maudad 0-0: Foul Ball, location: 2F
0-1: Ball
1-1: SINGLE (Groundball, 6MD, EV 104.4 MPH)
Raul Rojas to third
Batting: LHB Jose Chinchilla 0-0: Called Strike
0-1: Ball
1-1: Ball
2-1: Foul Ball, location: 2F
2-2: Strikes out swinging
Bottom of the 3rd over - 1 run, 3 hits, 0 errors, 2 left on base; Arkansas 1 - Bowie 2
TOP OF THE 4TH
Arkansas Travelers batting - Pitching for Bowie Baysox : RHP Nick Hoag
Batting: LHB James McCauley 0-0: Called Strike
0-1: DOUBLE (Groundball, 3L, EV 102.5 MPH)
Batting: LHB Griffin Ferris 0-0: Called Strike
0-1: Called Strike
0-2: Ball
1-2: Foul Ball, location: 2F
1-2: Ground out 3-1 (Groundball, 34S, EV 86.9 MPH)
James McCauley to third
Batting: RHB Ryuji Ito 0-0: SINGLE (Line Drive, 3D, EV 103.8 MPH)
James McCauley scores
Batting: RHB Tim Lively 0-0: Foul Ball, location: 2F
0-1: Ball
1-1: Grounds into double play, 4-6-3 (Groundball, 4M, EV 100.6 MPH)
Top of the 4th over - 1 run, 2 hits, 0 errors, 0 left on base; Arkansas 2 - Bowie 2
BOTTOM OF THE 4TH
Bowie Baysox batting - Pitching for Arkansas Travelers : RHP Andrew Tipton
Batting: RHB Kory Sanchez 0-0: Ball
1-0: Foul Ball, location: 2F
1-1: Ball
2-1: Ground out 3-1 (Groundball, 34, EV 81.2 MPH)
Batting: RHB Edwin Ramos 0-0: Called Strike
0-1: DOUBLE (Flyball, 9LD, EV 87.5 MPH)
Batting: LHB Matt Patnaude 0-0: Called Strike
0-1: Ball
1-1: Ball
2-1: Swinging Strike
2-2: Ball
3-2: Base on Balls
Batting: RHB Travis Carter 0-0: Called Strike
0-1: Ball
1-1: Ball
2-1: Ball
3-1: Foul Ball, location: 2F
3-2: Reached on error, E4 (Groundball, 4, EV 83.1 MPH)
Edwin Ramos to third
Matt Patnaude to second
Batting: LHB Tsutomu Miyahara 0-0: Called Strike
0-1: Fielders Choice at 2nd, 5-4 (Groundball, 5, EV 91.9 MPH)
Edwin Ramos scores
Matt Patnaude to third
Batting: RHB Ken Jenkins 0-0: Ball
1-0: Fielders Choice at 2nd, 6-4 (Groundball, 6, EV 100.0 MPH)
Bottom of the 4th over - 1 run, 1 hit, 1 error, 2 left on base; Arkansas 2 - Bowie 3
TOP OF THE 5TH
Arkansas Travelers batting - Pitching for Bowie Baysox : RHP Nick Hoag
Batting: LHB Jorge Zermeno 0-0: Ball
1-0: Foul Ball, location: 2F
1-1: Ball
2-1: Ball
3-1: SOLO HOME RUN (Flyball, 89XD, EV 99.4 MPH), Distance : 406 ft
Batting: RHB Gary Horgan 0-0: Swinging Strike
0-1: Swinging Strike
0-2: Ball
1-2: Strikes out swinging
Batting: RHB Jose Ramirez 0-0: Ball
1-0: Swinging Strike
1-1: Foul Ball, location: 2F
1-2: Strikes out swinging, 2-3 out at first.
Batting: LHB Justin Alexander 0-0: Called Strike
0-1: Ball
1-1: Called Strike
1-2: Ball
2-2: Fly out, F7 (Flyball, 7LS, EV 90.6 MPH)
Top of the 5th over - 1 run, 1 hit, 0 errors, 0 left on base; Arkansas 3 - Bowie 3
BOTTOM OF THE 5TH
Bowie Baysox batting - Pitching for Arkansas Travelers : RHP Andrew Tipton
Batting: LHB Raul Rojas 0-0: Called Strike
0-1: Ball
1-1: Swinging Strike
1-2: Strikes out swinging
Batting: RHB Muneer Maudad 0-0: Ball
1-0: Ball
2-0: SOLO HOME RUN (Line Drive, 7D, EV 98.8 MPH), Distance : 387 ft
Batting: LHB Jose Chinchilla 0-0: Ball
1-0: Called Strike
1-1: Foul Ball, location: 2F
1-2: Ball
2-2: Ball
3-2: Fly out, F8 (Flyball, 8LD, EV 101.2 MPH)
Batting: RHB Kory Sanchez 0-0: Ball
1-0: Ball
2-0: Ball
3-0: Base on Balls
Batting: RHB Edwin Ramos 0-0: Ball
1-0: Fly out, F3 (Popup, 34S, EV 64.4 MPH)
Bottom of the 5th over - 1 run, 1 hit, 0 errors, 1 left on base; Arkansas 3 - Bowie 4
TOP OF THE 6TH
Arkansas Travelers batting - Pitching for Bowie Baysox : RHP Nick Hoag
Batting: LHB Jonathon Walton 0-0: Called Strike
0-1: Ball
1-1: Foul Ball, location: 2F
1-2: SINGLE (Flyball, 78S, EV 90.0 MPH)
Batting: LHB James McCauley 0-0: Ball
Jonathon Walton steals 2nd base
1-0: Ground out U3 (Groundball, 34, EV 81.2 MPH)
Jonathon Walton to third
Batting: LHB Griffin Ferris 0-0: Ball
1-0: Foul Ball, location: 2F
1-1: Called Strike
1-2: SINGLE (Line Drive, 56D, EV 98.1 MPH)
Jonathon Walton scores
Batting: RHB Ryuji Ito 0-0: Foul Ball, location: 2F
0-1: Ball
1-1: SINGLE (Groundball, 56, EV 98.1 MPH) (infield hit)
Griffin Ferris to second
Pitching: RHP Mike Brubaker
Batting: RHB Tim Lively 0-0: Called Strike
0-1: Ball
1-1: Called Strike
1-2: Ball
2-2: Ball
3-2: Foul Ball, location: 2F
3-2: Strikes out swinging
Batting: LHB Jorge Zermeno 0-0: Ball
1-0: Ball
2-0: Ball
3-0: Called Strike
3-1: Base on Balls
Griffin Ferris to third
Ryuji Ito to second
Batting: RHB Gary Horgan 0-0: SINGLE (Line Drive, 78M, EV 102.5 MPH)
Griffin Ferris scores
Ryuji Ito to third
Jorge Zermeno to second
Throwing error, E8
Ryuji Ito scores
Jorge Zermeno to third
Gary Horgan to second
Batting: RHB Jose Ramirez 0-0: Called Strike
0-1: Fly out, F8 (Flyball, 8LS, EV 88.1 MPH)
Top of the 6th over - 3 runs, 4 hits, 1 error, 2 left on base; Arkansas 6 - Bowie 4
BOTTOM OF THE 6TH
Bowie Baysox batting - Pitching for Arkansas Travelers : RHP Andrew Tipton
Batting: LHB Matt Patnaude 0-0: Ball
1-0: Ground out 6-3 (Groundball, 4M, EV 105.6 MPH)
Batting: RHB Travis Carter 0-0: Ground out 3-1 (Groundball, 34S, EV 79.4 MPH)
Batting: LHB Tsutomu Miyahara 0-0: Called Strike
0-1: Ball
1-1: Foul Ball, location: 2F
1-2: Strikes out looking
Bottom of the 6th over - 0 runs, 0 hits, 0 errors, 0 left on base; Arkansas 6 - Bowie 4
TOP OF THE 7TH
Arkansas Travelers batting - Pitching for Bowie Baysox : RHP Mike Brubaker
Batting: LHB Justin Alexander 0-0: Ball
1-0: Fly out, F7 (Flyball, 7LS, EV 98.8 MPH)
Batting: LHB Jonathon Walton 0-0: Swinging Strike
0-1: Foul Ball, location: 2F
0-2: Ball
1-2: Strikes out swinging
Batting: LHB James McCauley 0-0: Called Strike
0-1: Ball
1-1: Called Strike
1-2: SINGLE (Groundball, 25, EV 60.6 MPH) (infield hit)
Batting: LHB Griffin Ferris 0-0: Called Strike
James McCauley steals 2nd base
0-1: Swinging Strike
0-2: SINGLE (Groundball, 34D, EV 101.9 MPH)
James McCauley to third
Runner from 3rd tries for Home, throw by RF and OUT! 9-2
Top of the 7th over - 0 runs, 2 hits, 0 errors, 1 left on base; Arkansas 6 - Bowie 4
BOTTOM OF THE 7TH
Bowie Baysox batting - Pitching for Arkansas Travelers : RHP Andrew Tipton
Batting: RHB Ken Jenkins 0-0: Ball
1-0: Swinging Strike
1-1: Ball
2-1: Swinging Strike
2-2: SINGLE (Line Drive, 34, EV 100.0 MPH)
Batting: LHB Raul Rojas 0-0: Foul Ball, location: 2F
0-1: Ball
Ken Jenkins is caught stealing 2nd base 2-6
1-1: Fly out, F8 (Line Drive, 8LM, EV 94.4 MPH)
Batting: RHB Muneer Maudad 0-0: Called Strike
0-1: SINGLE (Line Drive, 34D, EV 95.0 MPH)
Batting: LHB Jose Chinchilla 0-0: Ball
1-0: Ground out U3 (Groundball, 3, EV 106.9 MPH)
Bottom of the 7th over - 0 runs, 2 hits, 0 errors, 1 left on base; Arkansas 6 - Bowie 4
TOP OF THE 8TH
Arkansas Travelers batting - Pitching for Bowie Baysox : RHP Mike Brubaker
Batting: RHB Ryuji Ito 0-0: Foul Ball, location: 2F
0-1: Ball
1-1: Called Strike
1-2: Strikes out swinging
Batting: RHB Tim Lively 0-0: Ball
1-0: Ball
2-0: Foul Ball, location: 2F
2-1: Fly out, F8 (Flyball, 8LD, EV 97.5 MPH)
Batting: LHB Jorge Zermeno 0-0: Ball
1-0: Ball
2-0: Swinging Strike
2-1: Ground out 2-3 (Groundball, 15S, EV 64.4 MPH)
Top of the 8th over - 0 runs, 0 hits, 0 errors, 0 left on base; Arkansas 6 - Bowie 4
BOTTOM OF THE 8TH
Bowie Baysox batting - Pitching for Arkansas Travelers : RHP Andrew Tipton
Batting: RHB Kory Sanchez 0-0: Called Strike
0-1: Ball
1-1: Ground out 3-1 (Groundball, 34, EV 98.1 MPH)
Batting: LHB Ben Goldstein 0-0: Ball
1-0: Foul Ball, location: 2F
1-1: Swinging Strike
1-2: Ball
2-2: Strikes out swinging
Batting: LHB Matt Patnaude 0-0: Ground out 4-3 (Groundball, 4, EV 85.6 MPH)
Bottom of the 8th over - 0 runs, 0 hits, 0 errors, 0 left on base; Arkansas 6 - Bowie 4
TOP OF THE 9TH
Arkansas Travelers batting - Pitching for Bowie Baysox : RHP Mike Brubaker
Pitching: RHP Zachery Noyes
Batting: RHB Gary Horgan 0-0: Foul Ball, location: 2F
0-1: Swinging Strike
0-2: Fly out, F8 (Flyball, 8RM, EV 96.9 MPH)
Batting: RHB Jose Ramirez 0-0: Swinging Strike
0-1: Ball
1-1: Ball
2-1: Swinging Strike
2-2: Strikes out swinging
Batting: LHB Justin Alexander 0-0: Ball
1-0: Ball
2-0: Fly out, F8 (Line Drive, 8LM, EV 92.5 MPH)
Top of the 9th over - 0 runs, 0 hits, 0 errors, 0 left on base; Arkansas 6 - Bowie 4
BOTTOM OF THE 9TH
Bowie Baysox batting - Pitching for Arkansas Travelers : RHP Andrew Tipton
Pitching: RHP Kody Mason
Batting: RHB Travis Carter 0-0: Ball
1-0: Swinging Strike
1-1: Ball
2-1: Called Strike
2-2: Foul Ball, location: 2F
2-2: Foul Ball, location: 2F
2-2: Strikes out swinging
Batting: LHB Tsutomu Miyahara 0-0: Ball
1-0: Swinging Strike
1-1: Foul Ball, location: 2F
1-2: Strikes out swinging
Pinch Hitting: SHB Ben Pierce 0-0: Ball
1-0: Ball
2-0: Ground out U3 (Groundball, 3, EV 107.5 MPH)
Bottom of the 9th over - 0 runs, 0 hits, 0 errors, 0 left on base; Arkansas 6 - Bowie 4
Thursday, December 15th , 2022 - OOTP Baseball 23.9 Build 102